 Dungeon Crawl Stone Soup version 0.17-a0-1954-g0dddeaa (webtiles) character file.

11529 truemonolith the Nimble (level 11, -5/54 HPs)
             Began as a Deep Elf Conjurer on Oct 3, 2015.
             Was a High Priest of Vehumet.
             Slain by an orc warlord
             ... wielding a +2 long sword of holy wrath
              (31 damage)
             ... in a bailey on Oct 4, 2015.
             The game lasted 00:53:50 (15546 turns).

truemonolith the Nimble (Deep Elf Conjurer)        Turns: 15546, Time: 00:53:50

Health: -5/54      AC:  7    Str:  5    XL:     11   Next: 50%
Magic:  3/28       EV: 24    Int: 26    God:    Vehumet [*****.]
Gold:   634        SH:  0    Dex: 19    Spells: 4 memorised, 20 levels left

rFire  . . .     SeeInvis +     n - +2 dagger (speed)
rCold  + + +     Rnd*Rage +     a - +0 robe
rNeg   . . .     SustAt   .     (no shield)
rPois  +         Gourm    .     h - +1 helmet
rElec  .         Spirit   .     F - +1 cloak {rPois}
rCorr  .         Warding  .     (no gloves)
rMut   .         Stasis   .     y - +0 pair of boots (curse)
MR     +....                    m - amulet of Fanaiguwn {rC++ Regen+ Dex+4}
Stlth  ++........               (no ring)
                                u - ring of see invisible

@: about to teleport, somewhat resistant to hostile enchantments, unstealthy
A: berserk 1, clever 1, cold resistance 1
a: Renounce Religion


You were in a bailey.
You worshipped Vehumet.
Vehumet was extremely pleased with you.
You were not hungry.

You visited 1 branch of the dungeon, and saw 11 of its levels.
You also visited: Sewer and Bailey.

You collected 634 gold pieces.

Inventory:

Hand weapons
 n - a +2 dagger of speed (weapon)
 G - a cursed -1 hand axe
Armour
 a - a +0 robe (worn)
 h - a +1 helmet (worn)
 y - a cursed +0 pair of boots (worn)
 F - a +1 cloak of poison resistance (worn)
Jewellery
 m - the amulet of Fanaiguwn (around neck) {rC++ Regen+ Dex+4}
   (You found it on level 10 of the Dungeon)

   [amulet of regeneration]

   It affects your dexterity (+4).
   It greatly protects you from cold.
   It increases your rate of regeneration.
 q - the ring of Suicidal Tendencies {Fire MP-9 Dex+3}
   (You found it on level 11 of the Dungeon)

   [ring of fire]

   It enhances your fire magic, and weakens your ice magic.
   It affects your dexterity (+3).
   It protects you from fire.
   It makes you vulnerable to cold.
   It affects your magic capacity (-9).
 u - a ring of see invisible (left hand)
Magical devices
 d - a wand of draining (9)
 i - a wand of fireball (6)
 j - a wand of slowing (34)
 t - a wand of lightning (6)
 v - a wand of draining (5)
 C - a wand of frost (24)
Scrolls
 f - 4 scrolls of recharging
 l - 6 scrolls of remove curse
 s - 2 scrolls of enchant armour
 w - 2 scrolls of identify
 B - 4 scrolls of amnesia
 I - a scroll of enchant weapon
Potions
 c - a potion of mutation
 e - 2 potions of lignification
 k - a potion of berserk rage
 o - 3 potions of flight
 p - 2 potions of curing
 z - a potion of heal wounds
Books
 b - a book of Conjurations

   Spells                             Type                      Level
   a - Magic Dart                     Conjuration                  1
   b - Searing Ray                    Conjuration                  2
   c - Dazzling Spray                 Conjuration/Hexes            3
   d - Fulminant Prism                Conjuration/Hexes            4
   e - Iskenderun's Mystic Blast      Conjuration                  4
   f - Iskenderun's Battlesphere      Conjuration/Charms           5
Comestibles
 x - a royal jelly
 A - a meat ration
 D - 2 fruits
 E - 2 bread rations
 H - 6 beef jerkies


   Skills:
 - Level 13.5 Dodging
 - Level 2.4 Stealth
 - Level 11.7 Spellcasting
 + Level 11.7 Conjurations
 - Level 7.0 Charms


You had 20 spell levels left.
You knew the following spells:

 Your Spells              Type           Power        Failure   Level  Hunger
a - Magic Dart            Conj           ####         1%          1    None
b - Dazzling Spray        Conj/Hex       #####...     1%          3    None
c - Iskenderun's Battles  Conj/Chrm      ######..     1%          5    ###....
d - Iskenderun's Mystic   Conj           ######..     1%          4    None


Dungeon Overview and Level Annotations

Branches:
Dungeon (11/15)            Temple (0/1) D:6            Lair (0/8) D:9
    Orc (0/4) D:10

Altars:
Ashenzari
Dithmenos
Fedhas
Gozag
Makhleb
Nemelex Xobeh
Okawaru
Qazlal
Ru
Sif Muna
Vehumet
The Shining One

Annotations:
D:3 glosham's ghost, weakling DgWn
D:5 Eustachio


Innate Abilities, Weirdness & Mutations

You tend to lose your temper in combat.
Your mind is acute. (Int +2)
Your flesh is cold resistant.


Message History

The barrage of energy hits the orc warlord.
The orc warlord is heavily wounded.
Your battlesphere expends the last of its energy and dissipates.
The orc warlord completely misses you.
Casting: Iskenderun's Mystic Blast
Confirm with . or Enter, or press ? or * to list all spells.
Aiming: Iskenderun's Mystic Blast
Press: ? - help, Shift-Dir - straight line, f/p - orc warlord
Aim: an orc warlord, wielding a long sword of holy wrath and wearing a shiny chain mail (heavily wounded)
The orb of energy hits the orc warlord.
The orc warlord is severely wounded.
The orb of energy explodes!
The orc warlord hits you with a long sword of holy wrath!!
Ouch! That really hurt!
Read which item? (? for menu, Esc to quit)
As you read the scroll of teleportation, it crumbles to dust.
You feel strangely unstable.
The orc warlord hits you with a long sword of holy wrath!!
Ouch! That really hurt!
You die...

##...)...))##.....##.........##
#.....))..#.......#.........#
##.......##.......##)).....##
#)....).'.)...))))).......#
##.....##)..)))...##.....##
#######..)..⌠.....#######
##.........## #.....o...#
##...@.§.## #.......# ##.....##
♣♣##'''##♣♣ ♣.........♣
♣♣........♣♣ ♣.....∩....♣♣
♣...........♣ ♣♣....∩....♣♣


You could see an orc warlord.

Vanquished Creatures
  2 hill giants (D:10)
  An orc sorcerer (D:10)
  Joseph (D:9)
  A fire drake (D:9)
  A troll (D:10)
  3 two-headed ogres
  2 deep elf magi (D:10)
  11 yaks
  3 wyverns (D:8)
  A hungry ghost (D:10)
  A steam dragon (D:9)
  4 hippogriffs
  3 vampire mosquitoes (D:9)
  2 water moccasins
  6 orc warriors
  A black bear (D:10)
  2 sky beasts
  An ogre (D:5)
  2 phantoms
  5 centaurs
  2 ice beasts
  2 wasps
  A gnoll sergeant (D:6)
  2 big kobolds
  9 giant frogs
  9 killer bees
  6 scorpions
  3 troll zombies (D:10)
  A jelly (D:8)
  4 wights (D:7)
  2 crimson imps
  2 orc priests
  3 giant frog zombies
  A giant frog skeleton (D:4)
  An iguana (D:10)
  A centaur skeleton (D:9)
  6 hounds
  7 orc wizards
  A wasp zombie (D:6)
  10 worker ants
  3 ogre zombies (D:10)
  A worker ant zombie (D:6)
  A river rat (Sewer)
  17 gnolls
  14 adders
  3 oozes
  3 worms
  54 orcs
  3 giant cockroaches
  13 hobgoblins
  7 jackals
  4 quokkas
  A ball python (D:5)
  5 bats
  3 giant geckos
  A giant gecko skeleton (D:6)
  4 giant newts
  29 goblins
  A goblin skeleton (D:10)
  3 goblin zombies (D:10)
  2 hobgoblin zombies (D:10)
  A jackal skeleton (D:6)
  A jackal zombie (D:8)
  10 kobolds
  3 orc skeletons (D:10)
  10 orc zombies (D:10)
  A quokka skeleton (D:7)
  2 quokka zombies
  12 rats
338 creatures vanquished.

Notes
Turn   | Place    | Note
--------------------------------------------------------------
     0 | D:1      | truemonolith the Deep Elf Conjurer began the quest for the Orb.
     0 | D:1      | Reached XP level 1. HP: 10/10 MP: 6/6
    94 | D:1      | Reached XP level 2. HP: 15/15 MP: 0/9
   275 | D:1      | Found an iron altar of Okawaru.
   928 | D:2      | Reached XP level 3. HP: 10/19 MP: 0/11
  1157 | D:2      | Reached skill level 5 in Spellcasting
  1229 | D:2      | Found a shattered altar of Ashenzari.
  1234 | D:2      | Found a shadowy altar of Dithmenos.
  1237 | D:2      | Found a blossoming altar of Fedhas.
  1237 | D:2      | Found a stormy altar of Qazlal.
  1238 | D:2      | Found a burning altar of Makhleb.
  1240 | D:2      | Found a sacrificial altar of Ru.
  1242 | D:2      | Found a glowing golden altar of the Shining One.
  1243 | D:2      | Found a deep blue altar of Sif Muna.
  1640 | D:2      | Learned a level 3 spell: Dazzling Spray
  2122 | D:3      | Reached skill level 6 in Spellcasting
  2122 | D:3      | Reached XP level 4. HP: 24/24 MP: 10/14
  2282 | D:3      | Found a radiant altar of Vehumet.
  2287 | D:3      | Became a worshipper of Vehumet
  2307 | D:3      | Noticed glosham's ghost (weakling DgWn)
  2843 | D:3      | Reached skill level 7 in Spellcasting
  2843 | D:3      | Reached XP level 5. HP: 28/28 MP: 5/16
  2927 | D:3      | Learned a level 5 spell: Iskenderun's Battlesphere
  2932 | D:3      | Learned a level 4 spell: Iskenderun's Mystic Blast
  3672 | D:3      | Reached skill level 8 in Spellcasting
  3935 | D:4      | Reached XP level 6. HP: 29/32 MP: 13/19
  3965 | D:4      | Found a glowing drain.
  3976 | Sewer    | Entered a sewer
  4208 | Sewer    | Acquired Vehumet's first power
  4208 | Sewer    | Offered knowledge of Sandblast by Vehumet.
  4209 | Sewer    | Reached skill level 5 in Conjurations
  4434 | Sewer    | Found a white marble altar of Elyvilon.
  4995 | D:5      | Entered Level 5 of the Dungeon
  5103 | D:5      | Noticed a two-headed ogre
  5204 | D:5      | Killed a two-headed ogre
  5204 | D:5      | Reached XP level 7. HP: 36/36 MP: 4/20
  5313 | D:5      | Found a sparkling altar of Nemelex Xobeh.
  5527 | D:5      | Noticed Eustachio
  6519 | D:6      | Reached skill level 9 in Conjurations
  6519 | D:6      | Reached XP level 8. HP: 34/41 MP: 9/22
  6591 | D:6      | Found a shadowy altar of Dithmenos.
  6897 | D:6      | Offered knowledge of Sting by Vehumet.
  7442 | D:6      | Found a staircase to the Ecumenical Temple.
  7720 | D:7      | Reached skill level 5 in Charms
  8479 | D:6      | Reached skill level 10 in Conjurations
  8840 | D:7      | Found an opulent altar of Gozag.
  8844 | D:7      | Reached XP level 9. HP: 45/45 MP: 10/23
  9095 | D:7      | Reached skill level 11 in Conjurations
  9936 | D:8      | Offered knowledge of Stone Arrow by Vehumet.
  9969 | D:8      | Reached skill level 10 in Spellcasting
 10781 | D:9      | Noticed Joseph
 10789 | D:9      | Killed Joseph
 10932 | D:9      | Acquired Vehumet's second power
 10932 | D:9      | Reached skill level 5 in Dodging
 10986 | D:9      | Reached XP level 10. HP: 47/50 MP: 22/27
 11236 | D:9      | Offered knowledge of Olgreb's Toxic Radiance by Vehumet.
 11241 | D:9      | Found a staircase to the Lair.
 11241 | D:9      | Noticed a fire drake
 11654 | D:9      | Reached skill level 10 in Dodging
 11824 | D:9      | Gained mutation: Your mind is acute. (Int +2) [potion of mutation]
 11824 | D:9      | Gained mutation: Your flesh is cold resistant. [potion of mutation]
 11824 | D:9      | Gained mutation: You tend to lose your temper in combat. [potion of mutation]
 12046 | D:9      | Killed a fire drake
 12120 | D:10     | Entered Level 10 of the Dungeon
 12246 | D:10     | Noticed an orc sorcerer
 12247 | D:10     | Found a staircase to the Orcish Mines.
 12455 | D:10     | Killed an orc sorcerer
 12474 | D:10     | Acquired Vehumet's third power
 12661 | D:10     | Reached XP level 11. HP: 45/54 MP: 10/28
 12699 | D:10     | Offered knowledge of Irradiate by Vehumet.
 12917 | D:10     | Reached skill level 12 in Dodging
 13314 | D:10     | Got a slimy sapphire amulet
 13947 | D:10     | Reached skill level 13 in Dodging
 14236 | D:10     | Noticed a hill giant
 14242 | D:10     | Killed a hill giant
 14322 | D:10     | Offered knowledge of Bolt of Draining by Vehumet.
 14515 | D:10     | Noticed a hill giant
 14519 | D:10     | Killed a hill giant
 14784 | D:11     | Found a flagged portal.
 14791 | D:11     | Got a slimy jade ring
 14800 | D:11     | Identified the amulet of Fanaiguwn {rC++ Regen+ Dex+4} (You found it on level 10 of the Dungeon)
 14801 | D:11     | Identified the ring of Suicidal Tendencies {Fire MP-9 Dex+3} (You found it on level 11 of the Dungeon)
 14809 | Bailey   | Entered a bailey
 15533 | Bailey   | Noticed an orc warlord
 15546 | Bailey   | Slain by an orc warlord

Vault maps used:
D:1:      scummos_arrival_forest, st_stairs_5, okawaru_ov_weapons_minmay
D:2:      minitemple
D:3:      lemuel_doored_altar
D:4:      portal_sewer_entry_d, kennysheep_generic_room_9
D:5:      basic_altar, first_bread, uniq_eustachio
D:6:      minmay_temple_entry_enclosed_plants, nicolae_dithmenos_the_darkroom
D:7:      nicolae_gozag_seed_capital
D:9:      minmay_lair_entry_lava, grunt_ogre_cave, uniq_joseph
D:10:     zombieorc1_lemuel
D:11:     serial_shops, shop, enter_bailey_3, lightli_church_of_beogh
Sewer:    sewer_kobolds
Bailey:   bailey_axe_minmay_hex_keep, bailey

Action                   |  1- 3 |  4- 6 |  7- 9 | 10-12 || total
-------------------------+-------+-------+-------+-------++-------
Melee: Dagger            |       |     6 |    28 |    13 ||    47
 Cast: Magic Dart        |    89 |   150 |   118 |   173 ||   530
       Iskenderun's Myst |       |     6 |    19 |    72 ||    97
       Dazzling Spray    |       |     6 |   115 |    15 ||   136
       Iskenderun's Batt |       |       |    17 |    56 ||    73
Evoke: Wand              |       |       |       |     1 ||     1
  Use: Scroll            |     2 |     3 |     9 |     5 ||    19
       Potion            |       |     2 |     7 |     7 ||    16
  Eat: Bread ration      |     1 |     2 |     2 |     2 ||     7
       Chunk             |     1 |     2 |     2 |     4 ||     9
       Meat ration       |       |       |     2 |       ||     2
       Pizza             |       |       |       |     2 ||     2
       Fruit             |       |       |       |     2 ||     2
